 Dungeon Crawl Stone Soup version 0.23-a0-612-gcb482e9 (webtiles) character file.

2416 Borgoz the Skirmisher (level 9, -3/79 HPs)
             Began as a Ghoul Abyssal Knight on Dec 21, 2018.
             Was a Priest of Lugonu.
             Slain by a swamp worm (14 damage)
             ... in a Gauntlet.
             The game lasted 00:15:47 (7263 turns).

Borgoz the Skirmisher (Ghoul Abyssal Knight)        Turns: 7263, Time: 00:15:47

Health: -3/79      AC:  9    Str: 16    XL:     9   Next: 47%
Magic:  12/12      EV:  8    Int:  7    God:    Lugonu [***...]
Gold:   406        SH:  0    Dex: 11    Spells: 8/8 levels left

rFire    + . .     SeeInvis .     - Unarmed
rCold    + . .     Gourm    .   (no shield)
rNeg     + + +     Faith    .   k - +0 chain mail
rPois    ∞         Spirit   .   (no helmet)
rElec    .         Reflect  .   (no cloak)
rCorr    .         Harm     .   (no gloves)
MR       .....     NoTele   +   (no boots)
Stlth    ..........             (no amulet)
HPRegen  0.00/turn              l - ring of protection from fire
MPRegen  0.13/turn              (no ring)

@: rotting
A: rotting body, claws 1, carnivore, cold resistance 1, negative energy
resistance 3, inhibited regeneration, torment resistance, unbreathing
a: Depart the Abyss, Bend Space, Banish, Renounce Religion


You were in a Gauntlet.
You worshipped Lugonu.
Lugonu was most pleased with you.
You were not hungry.

You visited 3 branches of the dungeon, and saw 10 of its levels.
You visited the Abyss 1 time.
You also visited: Gauntlet.

You collected 406 gold pieces.

Inventory:

Armour
 k - a +0 chain mail (worn)
Jewellery
 g - the ring of Wed Qesy {rCorr rC+ Str+6 SInv, unknown}
   (You found it in a Gauntlet)

   [ring of resist corrosion]

   It affects your strength (+6).
   It protects you from cold.
   It lets you see invisible.
 l - a ring of protection from fire (left claw)
Wands
 j - a wand of clouds (6)
Scrolls
 a - a scroll of enchant weapon {unknown}
 d - 2 scrolls of remove curse
 f - 2 scrolls of teleportation
 n - 2 scrolls of fear
Potions
 c - a potion of magic
 e - a potion of invisibility {unknown}
 i - 3 potions of flight
 m - 3 potions of heal wounds
Comestibles
 b - 9 rations


   Skills:
 + Level 7.0 Fighting
 + Level 5.2 Armour
 + Level 4.7 Dodging
 - Level 0.2 Stealth
 + Level 7.0 Unarmed Combat
 + Level 6.0 Invocations


You had 8 spell levels left.
You didn't know any spells.
Your spell library contained the following spells:

 Spells                   Type           Power        Failure   Level  Hunger
 Magic Dart               Conj           #...         100%        1    ##.....
 Sandblast                Erth           #.....       100%        1    ##.....
 Blink                    Tloc           N/A          100%        2    ###....
 Call Imp                 Summ           #.......     100%        2    ###....
 Passwall                 Tmut/Erth      #.......     100%        2    ###....
 Slow                     Hex            #.......     100%        2    ###....
 Conjure Flame            Conj/Fire      #.......     100%        3    ####...
 Mephitic Cloud           Conj/Pois/Air  #.......     100%        3    ####...
 Stone Arrow              Conj/Erth      #.....       100%        3    ####...
 Petrify                  Tmut/Erth      #.......     100%        4    #####..
 Lee's Rapid Deconstruct  Erth           #.........   100%        5    ######.


Dungeon Overview and Level Annotations

Branches:
Dungeon (8/15)             Temple (1/1) D:7            Lair (1/6) D:8

Altars:
Ashenzari
Cheibriados
Dithmenos
Elyvilon
Fedhas
Gozag
Hepliaklqana
Kikubaaqudgha
Makhleb
Okawaru
Qazlal
Ru
Sif Muna
Trog
Uskayaw
Vehumet
Wu Jian
Yredelemnul
Zin
The Shining One

Shops:
D:5 [

Annotations:
D:7 Menkaure
Lair:1 1 runed door, galech's ghost, novice DsFi Gauntlet 11 transporters


Innate Abilities, Weirdness & Mutations

Your body is rotting away.
You thrive on raw meat.
You are immune to poison.
You have sharp fingernails.
You are carnivorous and can eat meat at any time.
Your flesh is cold resistant. (rC+)
You are immune to negative energy. (rN+++)
You do not regenerate when monsters are visible.
You are immune to unholy pain and torment.
You can survive without breathing.


Message History

You are yanked forward by the harpoon shot.
The swamp worm bites you. The swamp worm bites you!
You are too injured to fight recklessly!
You feel much better. The swamp worm bites you!
Your chain mail prevents you from hitting the swamp worm.
The swamp worm is lightly wounded.
The swamp worm bites you but does no damage.
Okay, then.
Your chain mail prevents you from hitting the swamp worm.
The swamp worm is lightly wounded.
The swamp worm bites you!
* * * LOW HITPOINT WARNING * * *
You claw the swamp worm!
The swamp worm is moderately wounded.
The swamp worm bites you!
* * * LOW HITPOINT WARNING * * *
You scratch the swamp worm.
The swamp worm is moderately wounded.
The swamp worm bites you!
You die...

©≈.≈≈.≈≈.#...#..#####..#..#
^≈..≈..≈z#...#.#.....#.#..#
.^≈≈..zzz#...#.xggg....#..#
##########...###########..#
..#.©.#.........#.©.#.....#
..#...#....⌠....#...#....8#
..#.©.#.........#.©.#.....#
##########...###########..#
Dh.:©.(..#...#..@ww....#..#
.........#...#..##.##..#..#
.........#...#.##...##.#..#
.........#...#.#.....#.#..#
....©....#.∩.#....©....#..#
.........#...#.#.....#.#..#
.........#...#.##...##.#..#
........h#...#..##.##..#..#
........D#...#.........#..#


You could see a worldbinder, 2 swamp worms and 3 boggarts.

Vanquished Creatures
  Pikel (D:7)
  A basilisk (Lair:1)
  Edmund (D:4)
  A water moccasin (Lair:1)
  A porcupine (Lair:1)
  A phantom (D:7)
  A black bear (D:3)
  An ice beast (D:6)
  A sky beast (D:7)
  An ogre (D:8)
  A crocodile (Lair:1)
  A big kobold (D:8)
  A bullfrog (Lair:1)
  3 scorpions
  3 howler monkeys (D:7)
  A crimson imp (D:6)
  3 hounds
  2 iguanas
  9 worker ants
  Natasha (thrice) (D:4)
  A worker ant zombie (D:6)
  9 adders
  2 shadow imps
  An ooze (D:1)
  3 adder skeletons
  6 worms
  2 dart slugs (D:1)
  9 leopard geckos
  An orc (D:3)
  5 giant cockroaches
  4 hobgoblins (D:1)
  11 jackals
  3 quokkas
  A ball python (D:1)
  5 bats
  2 frilled lizards
  6 goblins
  8 kobolds
  8 rats
124 creatures vanquished.

Vanquished Creatures (others)
  3 slaves (D:7)
  2 demonic plants (Gauntlet)
  A fungus (Lair:1)
6 creatures vanquished.

Grand Total: 130 creatures vanquished

Notes
Turn   | Place    | Note
-------+----------+-------------------------------------------
     0 | Abyss:1  | Borgoz the Ghoul Abyssal Knight began the quest for the
                  | Orb.
     0 | Abyss:1  | Reached XP level 1. HP: 19/19 MP: 1/1
    49 | Abyss:2  | Noticed a large abomination
    65 | Abyss:3  | Found a corrupted altar of Lugonu.
    71 | Abyss:3  | Got a bloodstained helmet
    85 | Abyss:3  | Identified the cursed -4 helmet of the Sneaky Lies {rElec
                  | MR- Regen+ Str+3 Int+6} (You found it on level 3 of the
                  | Abyss)
   105 | Abyss:4  | Noticed a killer bee
   105 | Abyss:4  | Noticed a meliai
   105 | Abyss:4  | Noticed a killer bee
   106 | D:1      | Escaped the Abyss
   178 | D:1      | Reached * piety under Lugonu
   245 | D:1      | Reached XP level 2. HP: 19/27 MP: 2/2
   281 | D:1      | Reached skill level 1 in Dodging
   359 | D:1      | Reached XP level 3. HP: 25/33 MP: 3/3
   836 | D:2      | Reached XP level 4. HP: 9/40 MP: 4/4
  1516 | D:2      | Reached ** piety under Lugonu
  1727 | D:2      | Found an ornate altar of the Wu Jian Council.
  1746 | D:3      | Noticed an ogre
  1968 | D:4      | Noticed a black bear
  2423 | D:3      | Reached XP level 5. HP: 9/46 MP: 5/5
  2653 | D:3      | Found an ancient bone altar of Kikubaaqudgha.
  2933 | D:4      | HP: 2/43 [worker ant (4)]
  3207 | D:4      | Noticed Natasha
  3220 | D:4      | Killed Natasha
  3348 | D:4      | Noticed Edmund
  3372 | D:4      | Killed Edmund
  3372 | D:4      | Reached XP level 6. HP: 13/51 MP: 5/7
  3838 | D:5      | Entered Level 5 of the Dungeon
  3866 | D:4      | Noticed Natasha
  3961 | D:3      | Killed a black bear
  3961 | D:3      | Reached XP level 7. HP: 38/59 MP: 8/8
  4066 | D:4      | Killed Natasha
  4214 | D:4      | Noticed Natasha
  4222 | D:4      | Killed Natasha
  4238 | D:4      | Found a snail-covered altar of Cheibriados.
  4252 | D:4      | Reached skill level 5 in Fighting
  4252 | D:4      | Reached skill level 5 in Unarmed Combat
  4806 | D:5      | Found Qeetadde's Armour Boutique.
  5069 | D:6      | Reached *** piety under Lugonu
  5168 | D:7      | Noticed Pikel
  5170 | D:7      | Noticed Menkaure
  5215 | D:6      | Found a white marble altar of Elyvilon.
  5291 | D:6      | Reached XP level 8. HP: 35/69 MP: 10/10
  5741 | D:7      | Found a staircase to the Ecumenical Temple.
  5849 | Temple   | Entered the Ecumenical Temple
  6119 | D:7      | Killed Pikel
  6119 | D:7      | Reached skill level 5 in Invocations
  6378 | D:7      | Reached XP level 9. HP: 68/78 MP: 10/12
  6756 | D:8      | Found a staircase to the Lair.
  6832 | Lair:1   | Entered Level 1 of the Lair of Beasts
  6837 | Lair:1   | Reached skill level 5 in Armour
  6864 | Lair:1   | Found a runed door.
  6868 | Lair:1   | Noticed galech's ghost (novice DsFi)
  6939 | Lair:1   | Found a gate leading to a gauntlet.
  6951 | Gauntlet | Entered a Gauntlet
  6951 | Gauntlet | Found a transporter.
  6951 | Gauntlet | Found a transporter.
  6966 | Gauntlet | Found a transporter.
  6970 | Gauntlet | Found a transporter.
  7011 | Gauntlet | Found a transporter.
  7015 | Gauntlet | Found a transporter.
  7026 | Gauntlet | Noticed a worldbinder
  7029 | Gauntlet | Found a transporter.
  7031 | Gauntlet | Found a transporter.
  7042 | Gauntlet | Noticed an apocalypse crab
  7043 | Gauntlet | Found a transporter.
  7065 | Gauntlet | Found a transporter.
  7065 | Gauntlet | Noticed a hell hog
  7071 | Gauntlet | Found a transporter.
  7075 | Gauntlet | Found a transporter.
  7253 | Gauntlet | Got a brightly glowing bone ring
  7263 | Gauntlet | Slain by a swamp worm

Vault maps used:
D:1:      minmay_arrival_cross, minmay_small_reverse_x
D:2:      overflow_temple_1_default
D:3:      lemuel_doored_altar
D:4:      kennysheep_mini_moat, first_ration, uniq_edmund, uniq_natasha
D:5:      serial_shops, shop
D:6:      old_standard_altar
D:7:      minmay_temple_entry_metal_lava, uniq_menkaure, uniq_pikel
D:8:      nicolae_overflow_crystal_walls, lair_entry_dummy, uniq_psyche,
          uniq_joseph
Temple:   lightli_temple_of_artemis
Lair:1:   gauntlet_entry_generic, gammafunk_ghost_grave
Abyss:2:  evilmike_abyss_exit_13, minivault_13
Abyss:3:  patterned_corridor
Abyss:4:  abyss_exit_lava, grunt_abyss_rune_wretched_hive
Gauntlet: gammafunk_gauntlet_hard_choice

Skill      XL: |  1  2  3  4  5  6  7  8  9 |
---------------+----------------------------+-----
Dodging        | 1 2 3 4 |  4.7
Armour         | 2 3 4 5 |  5.2
Fighting       | 4 5 6 7 |  7.0
Unarmed Combat | 3 4 5 6 7 |  7.0
Invocations    | 3 4 5 6 |  6.0
Stealth        | |  0.2

Action                   |  1- 3 |  4- 6 |  7- 9 || total
-------------------------+-------+-------+-------++-------
Melee: Unarmed           |   128 |   161 |   371 ||   660
       Punch             |       |     2 |    13 ||    15
Invok: Depart the Abyss  |     1 |       |       ||     1
Evoke: Wand              |       |       |     1 ||     1
  Use: Scroll            |     2 |     7 |     7 ||    16
       Potion            |       |     1 |     1 ||     2
 Stab: Distracted        |     1 |       |       ||     1
  Eat: Chunk             |    17 |    15 |    34 ||    66
Armor: Leather armour    |    43 |    20 |     7 ||    70
       Chain mail        |       |       |   141 ||   141
Dodge: Dodged            |    96 |    75 |   137 ||   308

Table legend:
 A = Non-vault XP
 B = Vault XP
 C = Vault XP percentage of total XP
 D = Non-vault monster count
 E = Vault monster count
 F = Vault count percentage of total count
                 A         B        C        D         E       F
            +---------+---------+-------+---------+---------+-------
      Total |    2736 |     716 |  20.7 |     117 |       7 |   5.6
            +---------+---------+-------+---------+---------+-------
        D:1 |      47 |       8 |  14.5 |      26 |       4 |  13.3
        D:2 |      68 |       0 |   0.0 |      15 |       0 |   0.0
        D:3 |     160 |       0 |   0.0 |       8 |       0 |   0.0
        D:4 |     316 |     204 |  39.2 |      21 |       2 |   8.7
        D:5 |      91 |       0 |   0.0 |       9 |       0 |   0.0
        D:6 |     504 |       0 |   0.0 |      12 |       0 |   0.0
        D:7 |     605 |     504 |  45.4 |      13 |       1 |   7.1
        D:8 |     269 |       0 |   0.0 |       8 |       0 |   0.0
     Lair:1 |     676 |       0 |   0.0 |       5 |       0 |   0.0
            +---------+---------+-------+---------+---------+-------
